 Dungeon Crawl Stone Soup version 0.29-a0-284-gf9362112df (webtiles) character file.

Game seed: 8182812371201908426

86 siradein the Firebug (level 4, 0/35 HPs)
             Began as a Draconian Fire Elementalist on Mar 21, 2022.
             Slain by an iguana (8 damage)
             ... on level 3 of the Dungeon.
             The game lasted 00:08:22 (3620 turns).

siradein the Firebug (Draconian Fire Elementalist)  Turns: 3620, Time: 00:08:23

Health: 0/35       AC:  8    Str: 10    XL:     4   Next: 26%
Magic:  7/7        EV: 10    Int: 18    God:
Gold:   13         SH:  8    Dex: 11    Spells: 2/8 levels left

rFire   . . .      SeeInvis .   c - +0 hand axe (vamp)
rCold   . . .      Faith    .   b - +1 kite shield {AC+3}
rNeg    . . .      Spirit   .   (body armour unavailable)
rPois   .          Reflect  .   (helmet restricted)
rElec   .          Harm     .   (no cloak)
rCorr   .          Rampage  .   (no gloves)
Will    .....                   (no boots)
Stlth   ++........              (no amulet)
HPRegen 0.11/turn               (no ring)
MPRegen 0.10/turn               (no ring)

@: no status effects
A: AC +5, unfitting armour, cold-blooded
a: no special abilities


You were on level 3 of the Dungeon.
You visited 1 branch of the dungeon, and saw 3 of its levels.

You collected 101 gold pieces.
You spent 88 gold pieces at shops.

Inventory:

Hand Weapons
 c - a +0 vampiric hand axe (weapon)
 f - a +0 flail
Missiles
 e - 68 stones (quivered)
Armour
 b - a +1 kite shield of protection (worn)
Wands
 i - a wand of digging (4)
Scrolls
 h - a scroll of summoning
 j - a scroll of amnesia
 l - a scroll of blinking
 m - a scroll of torment {unknown}
 n - 2 scrolls of vulnerability {unknown}
Potions
 a - a potion of magic
 g - a potion of resistance
 o - a potion of flight {unknown}
 p - a potion of mutation {unknown}


   Skills:
 + Level 1.2 Fighting
 + Level 0.4 Maces & Flails
 + Level 2.2 Dodging
 - Level 1.7 Stealth
 + Level 1.3 Shields
 + Level 2.5 Spellcasting
 + Level 1.6 Conjurations
 + Level 0.1 Hexes
 + Level 3.4 Fire Magic


You had 2 spell levels left.
You knew the following spells:

 Your Spells              Type           Power      Damage    Failure   Level
a - Foxfire               Conj/Fire      44%        2x1d6     21%         1
b - Scorch                Fire           28%        2d6       22%         2
c - Inner Flame           Hex/Fire       8%         N/A       63%         3

Your spell library contained the following spells:

 Spells                   Type           Power      Damage    Failure   Level
 Conjure Flame            Conj/Fire      11%        6-21      52%         3
 Dazzling Flash           Conj/Hex       10%        N/A       77%         3
 Flame Wave               Conj/Fire      11%        2d5       90%         4
 Iskenderun's Mystic Bla  Conj/Tloc      5%         2d3       99%         4
 Starburst                Conj/Fire      5%         6d4       100%        6


Dungeon Overview and Level Annotations

Branches:
Dungeon (3/15)

Altars:

Shops:
D:2 [   D:3 [?


Innate Abilities, Weirdness & Mutations

Your plain brown scales are hard. (AC +5)
You cannot fit into any form of body armour.
You are cold-blooded and may be slowed by cold attacks.


Message History

The iguana is heavily wounded.
You block the iguana's attack. The iguana barely misses you.
Unknown command.
You feel much better. The iguana closely misses you.
You hit the iguana.
The iguana is heavily wounded.
The iguana barely misses you.
You barely miss the iguana.
The iguana is heavily wounded.
The iguana barely misses you. You block the iguana's attack.
You hit the iguana but do no damage.
The iguana is heavily wounded.
You block the iguana's attack.
You barely miss the iguana.
The iguana is heavily wounded.
The iguana bites you! The iguana closely misses you.
You barely miss the iguana.
The iguana is heavily wounded.
The iguana barely misses you.
You hit the iguana.
You tail-slap the iguana, but do no damage.
The iguana is severely wounded.
You block the iguana's attack. The iguana closely misses you.
You hit the iguana but do no damage.
You tail-slap the iguana, but do no damage.
The iguana is severely wounded.
You block the iguana's attack.
You closely miss the iguana.
You tail-slap the iguana, but do no damage.
The iguana is severely wounded.
You block the iguana's attack. The iguana closely misses you.
You hit the iguana.
You feel better.
You tail-slap the iguana, but do no damage.
The iguana is almost dead.
The iguana bites you!
* * * LOW HITPOINT WARNING * * *
You closely miss the iguana.
The iguana is severely wounded.
The iguana closely misses you. The iguana bites you!
You die...

### #.# #.# ≈ #.# #.# ≈≈
#.# #.############ ≈≈≈ #.#
#............. ≈≈≈.. #.#
#.############ ≈...##.#
#.# ##
#..#.########.###### ..
#.....>.l@.........## #.#
##...#.###########..# #.#
#####.#†###### ##.## #..
.............# #..# #..
#####.#.##.### ##.###..
#.#.# .# #..##.#
####+#.##.###########.##.#
#.........................
#.........############.#.#


You could see an iguana.

Vanquished Creatures
  A dart slug (D:2)
  11 orcs
  5 bats
  4 endoplasms
  6 goblins
  5 hobgoblins
  8 jackals
  A kobold (D:2)
  6 quokkas
  6 ball pythons
  6 frilled lizards
  5 rats
64 creatures vanquished.

Vanquished Creatures (others)
  6 foxfires (D:1)
  27 plants (D:2)
33 creatures vanquished.

Grand Total: 97 creatures vanquished

Notes
Turn   | Place    | Note
-------+----------+-------------------------------------------
     0 | D:1      | siradein the Draconian Fire Elementalist began the quest
                  | for the Orb.
     0 | D:1      | Reached XP level 1. HP: 14/14 MP: 3/3
   279 | D:1      | Reached XP level 2. HP: 13/22 MP: 5/5
  1094 | D:1      | Found a faded altar of an unknown god.
  1408 | D:2      | Found Wesyneuf's Antique Armour Shoppe.
  1799 | D:1      | Reached XP level 3. HP: 10/27 MP: 6/6
  2359 | D:2      | Reached skill level 1 in Shields
  2362 | D:2      | Learned a level 2 spell: Scorch
  2366 | D:2      | Learned a level 3 spell: Inner Flame
  3122 | D:3      | Reached skill level 1 in Fighting
  3154 | D:3      | Reached XP level 4. HP: 23/35 MP: 7/7
  3329 | D:3      | Found Huosimp's Magic Scroll Boutique.
  3332 | D:3      | Bought a scroll of identify for 22 gold pieces
  3332 | D:3      | Bought a scroll of identify for 22 gold pieces
  3332 | D:3      | Bought a scroll of identify for 22 gold pieces
  3332 | D:3      | Bought a scroll of identify for 22 gold pieces
  3577 | D:3      | Found Ubovuin's Antique Armour Shoppe.
  3620 | D:3      | Slain by an iguana

Illustrated notes

Levels and vault maps discovered:
D:1:      dpeg_arrival_leaves_temple_mockup, layout_loops_corners,
          basic_ecumenical_altar
D:2:      layout_loops_corners, serial_shops, nicolae_shop_advertising_works
          [nicolae_subvault_shop_adworks], minmay_fountain_box, kennysheep_boxes
D:3:      layout_basic, serial_shops, nicolae_lakefront_shop, shop, shop_statue,
          nicolae_lakefront_shop, shop, uniq_crazy_yiuf_cottage

Skill      XL: |  1  2  3 |
---------------+----------+-----
Dodging        | 2 |  2.2
Shields        | 1 |  1.3
Fighting       | 1 |  1.2
Maces & Flails | |  0.4
Stealth        | |  1.7
Spellcasting   | |  2.5
Conjurations   | |  1.6
Hexes          | |  0.1
Fire Magic     | |  3.4

Action                   |  1- 3 |  4- 6 || total
-------------------------+-------+-------++-------
Melee: Dagger            |   105 |       ||   105
       Tailslap          |    20 |     6 ||    26
       Falchion          |    28 |       ||    28
       Short sword       |    10 |       ||    10
       Flail             |    85 |    40 ||   125
       Hand axe          |       |    20 ||    20
Throw: Stone             |       |     1 ||     1
 Cast: Foxfire           |     3 |       ||     3
  Use: Scroll            |       |     6 ||     6
       Potion            |       |     1 ||     1
 Stab: Sleeping          |     2 |     1 ||     3
Armor: Skin              |   116 |     9 ||   125
Dodge: Dodged            |   148 |    39 ||   187
Block: Kite shield       |   108 |    21 ||   129

Table legend: (Time is in decaauts)
 A = Elapsed time spent in this place.
 B = Non-inter-level travel time spent in this place.
 C = Inter-level travel time spent in this place.
 D = Time resting spent in this place.
 E = Time spent auto-exploring this place.
 F = Levels seen in this place.
 G = Mean time per level.
                   A        B        C        D        E       F      G
               +--------+--------+--------+--------+--------+-----+--------+
         Total |   3740 |   3673 |     67 |    565 |   2286 |   3 | 1246.7 |
       Dungeon |   3740 |   3673 |     67 |    565 |   2286 |   3 | 1246.7 |
               +--------+--------+--------+--------+--------+-----+--------+

Top non-repeatable levels by time:
     D:1: 1848 daAuts
     D:2: 1263 daAuts
     D:3: 628 daAuts
